[ AOE2 MATCH · #487397895 ]
UnrankedMongols vs Mongols
Player's team · LOSS
[ REPLAY ANALYSIS · EXTRACTED FROM THE RECORDED GAME ]
Feudal
13:00
Castle
17:06
Imperial
—
| APM avg | 33.7 |
| APM peak | 73 |
| eAPM avg | 23.8 |
| Villagers / military | 239 / 38 |
Focus
⚔️ 41.1% · 🌾 58.9%
Scorpion ×20 · Mangudai ×16 · Monk ×1 · Battering Ram ×1
Feudal
11:46
Castle
15:53
Imperial
39:04
| APM avg | 50.9 |
| APM peak | 100 |
| eAPM avg | 23.1 |
| Villagers / military | 165 / 104 |
Focus
⚔️ 39.3% · 🌾 60.7%
Mangudai ×86 · Battering Ram ×12 · Scout Cavalry ×5 · Monk ×1
Feudal
13:38
Castle
17:40
Imperial
—
| APM avg | 28.7 |
| APM peak | 82 |
| eAPM avg | 13.4 |
| Villagers / military | 55 / 33 |
Focus
⚔️ 29.2% · 🌾 70.8%
Mameluke ×30 · Fishing Ship ×11 · Battering Ram ×3
Feudal
14:28
Castle
18:25
Imperial
—
| APM avg | 52.4 |
| APM peak | 97 |
| eAPM avg | 23.9 |
| Villagers / military | 88 / 146 |
Focus
⚔️ 32.6% · 🌾 67.4%
Cavalry Archer ×116 · Knight ×25 · Battering Ram ×3 · Mangonel ×2
Feudal
12:02
Castle
15:36
Imperial
35:59
| APM avg | 32.5 |
| APM peak | 57 |
| eAPM avg | 24.2 |
| Villagers / military | 225 / 222 |
Focus
⚔️ 36.7% · 🌾 63.3%
Scout Cavalry ×163 · Monk ×24 · Battle Elephant ×23 · Trebuchet (Packed) ×12
Feudal
11:13
Castle
22:32
Imperial
36:42
| APM avg | 53.9 |
| APM peak | 80 |
| eAPM avg | 29.6 |
| Villagers / military | 153 / 101 |
Focus
⚔️ 40.6% · 🌾 59.4%
Samurai ×54 · Archer ×15 · Cavalry Archer ×14 · Militia ×7 · Battering Ram ×7 · Trebuchet (Packed) ×4
Feudal
14:01
Castle
18:21
Imperial
37:11
| APM avg | 34.5 |
| APM peak | 58 |
| eAPM avg | 22.7 |
| Villagers / military | 149 / 94 |
Focus
⚔️ 37.4% · 🌾 62.6%
Camel Archer ×88 · Fishing Ship ×5 · Trebuchet (Packed) ×4 · Bombard Cannon ×2
Feudal
13:57
Castle
17:27
Imperial
39:51
| APM avg | 66.3 |
| APM peak | 283 |
| eAPM avg | 39.7 |
| Villagers / military | 140 / 261 |
Focus
⚔️ 49.1% · 🌾 50.9%
Shrivamsha Rider ×251 · Camel Scout ×10
Match map
Initial resources + every placement click. Lines = walls · curves = elevation contours. ◆ gold · ⬟ stone · ● berries · ✦ relic · ◌ wall gap
Your base· Open — unwalled flank
FMG | Sawasha Takohida's base· Open — unwalled flank
thefacelessz23's base· Open — unwalled flank
FMG | ELCOCHINOTE's base· Open — unwalled flank
CTM | Causa Blindado's base· Open — unwalled flank
FMG | GreatMaty's base· Open — unwalled flank
brunol1901's base· Open — unwalled flank
FMG | Culero Connor's base· Open — 15t gap
Smoothed initial terrain · ◌ = detected wall gap · hover for details
Inputs per minute
— __72_KaN_Arg - - FMG | Sawasha Takohida
Build order — __72_KaN_Arg
First 150 of 394 actions detected
| 0:11 | Build | Town Center |
| 0:43 | Build | House |
| 0:52 | Build | House |
| 2:30 | Create | Villager (Male) ×4 |
| 2:30 | Create | Villager (Male) ×4 |
| 3:44 | Build | Palisade Wall |
| 3:47 | Build | Palisade Wall |
| 3:48 | Build | Palisade Wall |
| 3:50 | Build | Palisade Wall |
| 3:53 | Build | Palisade Wall |
| 3:57 | Create | Villager (Male) ×2 |
| 3:58 | Create | Villager (Male) ×2 |
| 3:58 | Create | Villager (Male) ×2 |
| 4:20 | Build | Lumber Camp |
| 4:48 | Create | Villager (Male) ×2 |
| 4:48 | Create | Villager (Male) ×2 |
| 5:45 | Create | Villager (Male) ×3 |
| 5:45 | Create | Villager (Male) ×3 |
| 6:10 | Build | House |
| 6:39 | Create | Villager (Male) |
| 6:39 | Create | Villager (Male) |
| 6:55 | Create | Villager (Male) |
| 6:55 | Create | Villager (Male) |
| 6:55 | Create | Villager (Male) |
| 7:12 | Build | House |
| 7:27 | Build | House |
| 7:28 | Build | House |
| 7:33 | Create | Villager (Male) |
| 7:34 | Create | Villager (Male) |
| 7:40 | Build | House |
| 8:09 | Create | Villager (Male) |
| 8:09 | Create | Villager (Male) |
| 8:10 | Create | Villager (Male) |
| 8:10 | Create | Villager (Male) |
| 8:33 | Build | Mill |
| 9:05 | Create | Villager (Male) |
| 9:06 | Create | Villager (Male) |
| 9:06 | Create | Villager (Male) |
| 9:24 | Build | Mining Camp |
| 9:26 | Build | House |
| 9:35 | Create | Villager (Male) |
| 9:35 | Create | Villager (Male) |
| 9:36 | Create | Villager (Male) |
| 9:41 | Build | House |
| 9:52 | Build | House |
| 10:47 | Research | Feudal Age |
| 10:47 | Research | Feudal Age |
| 10:57 | Build | Mill |
| 11:19 | Research | Loom |
| 11:38 | Build | Palisade Gate |
| 12:22 | Build | Palisade Wall |
| 12:22 | Build | Palisade Wall |
| 12:37 | Build | Palisade Wall |
| 12:38 | Build | Palisade Wall |
| 12:45 | Build | Palisade Wall |
| 12:47 | Build | Palisade Wall |
| 12:49 | Build | Palisade Wall |
| 12:51 | Build | Palisade Wall |
| 12:51 | Build | Palisade Wall |
| 12:53 | Build | Palisade Wall |
| 12:54 | Build | Palisade Wall |
| 12:56 | Build | Palisade Wall |
| 12:58 | Build | Palisade Wall |
| 13:00 | Build | Palisade Wall |
| 13:00 | Age | Feudal Age |
| 13:11 | Create | Villager (Male) |
| 13:14 | Build | House |
| 13:16 | Build | Palisade Wall |
| 13:18 | Build | House |
| 13:19 | Build | Palisade Wall |
| 13:24 | Create | Villager (Male) |
| 13:33 | Build | Blacksmith |
| 13:36 | Build | Market |
| 13:45 | Create | Villager (Male) |
| 14:02 | Build | Palisade Wall |
| 14:26 | Research | Castle Age |
| 14:37 | Build | Palisade Gate |
| 14:43 | Build | Palisade Wall |
| 14:48 | Build | Palisade Wall |
| 14:59 | Build | House |
| 15:16 | Research | Double-Bit Axe |
| 15:16 | Research | Double-Bit Axe |
| 15:18 | Research | Fletching |
| 15:30 | Build | Watch Tower |
| 15:38 | Build | Palisade Wall |
| 15:58 | Build | Palisade Wall |
| 16:03 | Build | Palisade Wall |
| 16:13 | Create | Villager (Male) |
| 17:06 | Age | Castle Age |
| 17:16 | Create | Villager (Male) |
| 17:42 | Create | Villager (Male) |
| 18:12 | Create | Villager (Male) |
| 18:27 | Build | Town Center |
| 18:39 | Create | Villager (Male) |
| 18:43 | Build | Palisade Wall |
| 18:45 | Build | Palisade Wall |
| 18:49 | Build | Palisade Wall |
| 18:51 | Build | Palisade Wall |
| 19:08 | Create | Villager (Male) |
| 19:08 | Create | Villager (Male) |
| 19:09 | Create | Villager (Male) |
| 19:09 | Create | Villager (Male) |
| 19:09 | Create | Villager (Male) |
| 19:23 | Create | Villager (Male) |
| 19:24 | Create | Villager (Male) |
| 19:24 | Create | Villager (Male) |
| 20:09 | Create | Villager (Male) |
| 20:18 | Create | Villager (Male) |
| 20:19 | Create | Villager (Male) |
| 20:45 | Build | Siege Workshop |
| 20:49 | Create | Villager (Male) |
| 21:03 | Create | Villager (Male) |
| 21:03 | Create | Villager (Male) |
| 21:23 | Create | Scorpion |
| 21:33 | Create | Villager (Male) |
| 21:35 | Create | Villager (Male) |
| 21:36 | Create | Villager (Male) |
| 21:42 | Build | Farm |
| 21:58 | Create | Scorpion |
| 22:27 | Build | Farm |
| 22:27 | Build | Farm |
| 22:34 | Build | House |
| 22:36 | Build | Farm |
| 22:37 | Build | Farm |
| 23:03 | Build | Town Center |
| 23:20 | Create | Villager (Male) |
| 23:20 | Create | Villager (Male) |
| 23:26 | Create | Scorpion |
| 23:27 | Create | Scorpion |
| 23:39 | Build | Farm |
| 23:58 | Create | Villager (Male) |
| 23:59 | Create | Villager (Male) |
| 23:59 | Create | Villager (Male) |
| 24:12 | Create | Scorpion |
| 24:35 | Create | Villager (Male) ×2 |
| 24:35 | Create | Villager (Male) ×2 |
| 24:36 | Create | Villager (Male) ×2 |
| 24:57 | Create | Villager (Male) |
| 24:58 | Create | Villager (Male) |
| 25:10 | Build | Monastery |
| 25:36 | Create | Villager (Male) |
| 25:37 | Create | Villager (Male) |
| 25:48 | Build | Town Center |
| 26:19 | Create | Monk |
| 26:26 | Create | Villager (Male) |
| 26:59 | Create | Villager (Male) ×3 |
| 26:59 | Create | Villager (Male) ×3 |
| 27:08 | Build | Town Center |
| 27:19 | Create | Villager (Male) |
| 27:19 | Create | Villager (Male) |
Build order — FMG | Sawasha Takohida
First 150 of 429 actions detected
| 0:22 | Build | Town Center |
| 0:29 | Build | Town Center |
| 2:28 | Create | Villager (Male) |
| 2:28 | Create | Villager (Male) |
| 2:29 | Create | Villager (Male) |
| 2:29 | Create | Villager (Male) |
| 2:31 | Build | House |
| 3:25 | Build | House |
| 3:37 | Build | House |
| 3:51 | Build | House |
| 3:55 | Create | Villager (Male) |
| 3:56 | Create | Villager (Male) |
| 4:29 | Create | Villager (Male) |
| 4:30 | Create | Villager (Male) |
| 4:47 | Build | House |
| 5:23 | Build | Lumber Camp |
| 5:25 | Create | Villager (Male) |
| 5:25 | Create | Villager (Male) |
| 5:26 | Create | Villager (Male) |
| 5:26 | Create | Villager (Male) |
| 5:26 | Create | Villager (Male) |
| 6:34 | Build | House |
| 7:05 | Create | Villager (Male) |
| 7:06 | Create | Villager (Male) |
| 7:06 | Create | Villager (Male) |
| 7:09 | Create | Villager (Male) |
| 7:09 | Create | Villager (Male) |
| 7:09 | Create | Villager (Male) |
| 7:10 | Create | Villager (Male) |
| 7:10 | Create | Villager (Male) |
| 7:10 | Create | Villager (Male) |
| 7:11 | Create | Villager (Male) |
| 7:47 | Build | House |
| 8:03 | Build | House |
| 8:13 | Build | House |
| 8:32 | Build | Mill |
| 9:11 | Create | Villager (Male) |
| 9:21 | Build | Mining Camp |
| 9:34 | Research | Feudal Age |
| 9:34 | Research | Feudal Age |
| 11:16 | Build | House |
| 11:46 | Age | Feudal Age |
| 11:46 | Create | Villager (Male) |
| 11:47 | Create | Villager (Male) |
| 11:53 | Build | Market |
| 12:02 | Create | Villager (Male) |
| 12:32 | Build | Blacksmith |
| 12:53 | Build | House |
| 13:01 | Build | House |
| 13:06 | Build | House |
| 13:13 | Research | Castle Age |
| 13:13 | Research | Castle Age |
| 13:22 | Build | House |
| 13:27 | Build | Mining Camp |
| 13:41 | Build | House |
| 13:51 | Build | Palisade Wall |
| 13:54 | Build | House |
| 14:07 | Research | Double-Bit Axe |
| 14:34 | Build | House |
| 14:37 | Build | Palisade Wall |
| 15:06 | Create | Villager (Male) |
| 15:07 | Create | Villager (Male) |
| 15:11 | Research | Loom |
| 15:53 | Age | Castle Age |
| 15:55 | Build | House |
| 15:56 | Create | Villager (Male) |
| 16:20 | Create | Villager (Male) |
| 16:35 | Research | Bow Saw |
| 16:41 | Research | Fletching |
| 16:59 | Research | Gold Mining |
| 17:10 | Create | Villager (Male) |
| 17:31 | Build | Castle |
| 17:35 | Create | Villager (Male) |
| 17:56 | Create | Villager (Male) |
| 18:02 | Create | Villager (Male) |
| 18:13 | Build | Town Center |
| 18:20 | Create | Villager (Male) |
| 18:29 | Create | Villager (Male) |
| 18:37 | Create | Villager (Male) |
| 18:38 | Create | Villager (Male) |
| 18:40 | Create | Mangudai |
| 18:49 | Create | Mangudai |
| 19:03 | Build | Mill |
| 19:23 | Create | Mangudai |
| 19:24 | Create | Villager (Male) |
| 19:39 | Create | Mangudai |
| 19:55 | Create | Villager (Male) |
| 20:10 | Create | Mangudai |
| 20:11 | Create | Villager (Male) |
| 20:17 | Create | Villager (Male) |
| 20:45 | Create | Mangudai |
| 20:52 | Create | Villager (Male) |
| 20:55 | Build | House |
| 21:03 | Create | Mangudai |
| 21:13 | Research | Bodkin Arrow |
| 21:36 | Create | Villager (Male) |
| 21:36 | Create | Villager (Male) |
| 21:38 | Build | House |
| 21:59 | Create | Mangudai |
| 21:59 | Create | Mangudai |
| 22:12 | Create | Villager (Male) |
| 22:28 | Create | Villager (Male) |
| 22:33 | Create | Mangudai |
| 22:37 | Create | Villager (Male) |
| 22:48 | Create | Villager (Male) |
| 22:48 | Create | Villager (Male) |
| 22:48 | Create | Villager (Male) |
| 22:53 | Create | Mangudai |
| 23:20 | Create | Villager (Male) |
| 23:22 | Create | Mangudai |
| 23:23 | Create | Villager (Male) |
| 23:37 | Research | Horse Collar |
| 23:38 | Create | Villager (Male) |
| 23:41 | Create | Mangudai |
| 23:41 | Create | Mangudai |
| 23:44 | Create | Villager (Male) |
| 24:02 | Create | Villager (Male) |
| 24:03 | Create | Mangudai |
| 24:10 | Build | Castle |
| 24:17 | Create | Mangudai |
| 24:18 | Create | Villager (Male) |
| 24:24 | Create | Villager (Male) |
| 24:54 | Create | Villager (Male) |
| 25:02 | Build | Town Center |
| 25:07 | Build | Lumber Camp |
| 25:28 | Create | Villager (Male) |
| 25:32 | Build | Town Center |
| 25:34 | Create | Villager (Male) |
| 25:35 | Create | Villager (Male) |
| 25:35 | Create | Villager (Male) |
| 25:35 | Create | Villager (Male) |
| 25:35 | Create | Villager (Male) |
| 25:36 | Create | Villager (Male) |
| 25:41 | Create | Mangudai |
| 25:41 | Create | Mangudai |
| 26:01 | Create | Mangudai |
| 26:02 | Create | Villager (Male) |
| 26:25 | Create | Villager (Male) |
| 26:26 | Create | Villager (Male) |
| 26:31 | Build | Lumber Camp |
| 26:35 | Create | Mangudai |
| 26:42 | Create | Villager (Male) |
| 26:57 | Create | Villager (Male) |
| 26:59 | Create | Villager (Male) |
| 27:10 | Create | Mangudai |
| 27:10 | Create | Villager (Male) |
| 27:23 | Create | Mangudai |
| 27:23 | Create | Mangudai |
| 27:32 | Build | Lumber Camp |
| 27:33 | Create | Villager (Male) |
Build order — thefacelessz23
First 150 of 164 actions detected
| 0:31 | Build | Town Center |
| 0:46 | Build | House |
| 0:49 | Build | House |
| 2:41 | Create | Villager (Male) |
| 2:41 | Create | Villager (Male) |
| 2:42 | Create | Villager (Male) |
| 2:42 | Create | Villager (Male) |
| 3:23 | Build | Lumber Camp |
| 4:01 | Create | Villager (Male) |
| 4:39 | Create | Villager (Male) |
| 5:09 | Create | Villager (Male) |
| 5:33 | Create | Villager (Male) |
| 6:07 | Create | Villager (Male) |
| 6:09 | Build | Dock |
| 6:22 | Build | House |
| 6:31 | Create | Villager (Male) |
| 6:55 | Create | Fishing Ship |
| 6:57 | Create | Villager (Male) |
| 7:27 | Create | Villager (Male) |
| 7:34 | Create | Fishing Ship |
| 7:43 | Create | Villager (Male) |
| 8:06 | Build | House |
| 8:10 | Create | Fishing Ship |
| 8:16 | Build | House |
| 8:32 | Create | Villager (Male) |
| 8:54 | Create | Villager (Male) |
| 9:03 | Create | Fishing Ship |
| 9:18 | Create | Villager (Male) |
| 9:29 | Create | Villager (Male) |
| 9:42 | Build | Mill |
| 9:52 | Create | Villager (Male) |
| 10:06 | Create | Fishing Ship |
| 10:38 | Create | Villager (Male) |
| 10:44 | Create | Villager (Male) |
| 10:58 | Create | Fishing Ship |
| 11:11 | Build | House |
| 11:12 | Build | House |
| 11:28 | Research | Feudal Age |
| 11:42 | Build | Outpost |
| 12:40 | Create | Villager (Male) |
| 12:58 | Create | Villager (Male) |
| 13:38 | Age | Feudal Age |
| 13:41 | Build | Mining Camp |
| 13:53 | Research | Loom |
| 13:57 | Build | Market |
| 14:02 | Build | House |
| 14:07 | Build | Blacksmith |
| 14:13 | Build | Fish Trap |
| 14:26 | Build | Fish Trap |
| 15:00 | Research | Castle Age |
| 15:22 | Build | Fish Trap |
| 15:57 | Build | Mining Camp |
| 16:06 | Research | Double-Bit Axe |
| 17:04 | Create | Villager (Male) |
| 17:11 | Create | Fishing Ship |
| 17:15 | Build | Fish Trap |
| 17:19 | Build | Fish Trap |
| 17:40 | Age | Castle Age |
| 17:43 | Create | Villager (Male) |
| 17:48 | Build | Castle |
| 18:37 | Create | Villager (Male) |
| 18:45 | Create | Fishing Ship |
| 18:48 | Build | Fish Trap |
| 18:55 | Build | Fish Trap |
| 19:05 | Create | Fishing Ship |
| 19:17 | Create | Villager (Male) |
| 19:27 | Create | Mameluke |
| 19:27 | Create | Mameluke |
| 19:36 | Build | Town Center |
| 19:48 | Build | Fish Trap |
| 20:01 | Create | Mameluke |
| 20:17 | Build | Fish Trap |
| 20:19 | Create | Mameluke |
| 20:40 | Create | Fishing Ship |
| 20:43 | Create | Mameluke |
| 20:44 | Create | Villager (Male) |
| 20:53 | Build | Outpost |
| 20:58 | Create | Villager (Male) |
| 21:10 | Create | Fishing Ship |
| 21:51 | Build | Fish Trap |
| 21:53 | Create | Mameluke |
| 21:53 | Create | Villager (Male) |
| 21:59 | Create | Mameluke |
| 22:16 | Build | Fish Trap |
| 22:21 | Create | Villager (Male) |
| 22:45 | Build | Mining Camp |
| 22:50 | Build | Siege Workshop |
| 23:01 | Create | Mameluke |
| 23:04 | Create | Villager (Male) |
| 23:09 | Create | Villager (Male) |
| 23:24 | Build | Town Center |
| 23:29 | Create | Villager (Male) |
| 23:32 | Create | Villager (Male) |
| 24:05 | Create | Battering Ram |
| 24:07 | Create | Mameluke |
| 24:20 | Create | Villager (Male) |
| 24:21 | Build | Farm |
| 24:21 | Build | Farm |
| 24:22 | Build | Farm |
| 24:24 | Create | Villager (Male) |
| 24:54 | Create | Mameluke |
| 24:54 | Create | Mameluke |
| 25:04 | Create | Mameluke |
| 25:04 | Create | Mameluke |
| 25:19 | Create | Villager (Male) |
| 25:21 | Build | Castle |
| 25:28 | Research | Tech 906 |
| 25:29 | Create | Mameluke |
| 25:36 | Build | Farm |
| 25:36 | Build | Farm |
| 25:40 | Build | Farm |
| 25:40 | Build | Farm |
| 25:40 | Build | Farm |
| 25:57 | Create | Villager (Male) |
| 26:00 | Create | Villager (Male) |
| 26:01 | Create | Villager (Male) |
| 26:04 | Build | Lumber Camp |
| 26:08 | Build | Farm |
| 26:09 | Build | Farm |
| 26:16 | Create | Mameluke |
| 26:32 | Create | Battering Ram |
| 26:38 | Create | Villager (Male) |
| 26:40 | Build | Farm |
| 26:41 | Create | Mameluke |
| 26:53 | Build | Mining Camp |
| 27:01 | Create | Villager (Male) |
| 27:18 | Create | Mameluke |
| 27:23 | Create | Villager (Male) |
| 27:25 | Create | Villager (Male) |
| 27:26 | Create | Villager (Male) |
| 27:28 | Create | Villager (Male) |
| 28:06 | Research | Scale Barding Armor |
| 28:13 | Create | Mameluke |
| 28:13 | Create | Mameluke |
| 28:24 | Build | Farm |
| 28:24 | Build | Farm |
| 28:27 | Create | Villager (Male) |
| 28:27 | Create | Villager (Male) |
| 28:29 | Build | Farm |
| 28:35 | Create | Mameluke |
| 28:39 | Research | Forging |
| 28:45 | Create | Battering Ram |
| 28:48 | Create | Villager (Male) |
| 28:58 | Build | Mining Camp |
| 29:06 | Create | Villager (Male) |
| 29:17 | Create | Villager (Male) |
| 29:22 | Create | Mameluke |
| 29:26 | Build | Barracks |
| 29:33 | Build | Castle |
| 29:50 | Build | Castle |
Build order — FMG | ELCOCHINOTE
First 150 of 215 actions detected
| 0:26 | Build | Town Center |
| 2:35 | Create | Villager (Male) |
| 2:35 | Create | Villager (Male) |
| 2:35 | Create | Villager (Male) |
| 3:13 | Create | Villager (Male) |
| 3:13 | Create | Villager (Male) |
| 4:26 | Create | Villager (Male) |
| 4:27 | Create | Villager (Male) |
| 4:27 | Create | Villager (Male) |
| 4:41 | Research | Loom |
| 4:55 | Create | Villager (Male) |
| 4:56 | Create | Villager (Male) |
| 5:35 | Create | Villager (Male) |
| 5:35 | Create | Villager (Male) |
| 5:36 | Create | Villager (Male) |
| 5:40 | Create | Villager (Male) |
| 5:40 | Create | Villager (Male) |
| 6:17 | Create | Villager (Male) |
| 6:18 | Create | Villager (Male) |
| 6:18 | Create | Villager (Male) |
| 7:06 | Build | Lumber Camp |
| 7:46 | Build | Lumber Camp |
| 7:47 | Create | Villager (Male) |
| 7:47 | Create | Villager (Male) |
| 7:55 | Create | Villager (Male) |
| 7:55 | Create | Villager (Male) |
| 8:22 | Create | Villager (Male) |
| 8:23 | Create | Villager (Male) |
| 8:44 | Create | Villager (Male) |
| 8:44 | Create | Villager (Male) |
| 9:39 | Build | Mill |
| 11:06 | Create | Villager (Male) |
| 11:29 | Build | Mining Camp |
| 11:41 | Create | Villager (Male) |
| 12:18 | Research | Feudal Age |
| 12:18 | Research | Feudal Age |
| 13:23 | Build | Barracks |
| 13:59 | Create | Villager (Male) |
| 14:28 | Age | Feudal Age |
| 14:36 | Build | Stable |
| 14:41 | Create | Villager (Male) |
| 15:15 | Build | Blacksmith |
| 15:20 | Create | Villager (Male) |
| 15:41 | Research | Castle Age |
| 15:41 | Research | Castle Age |
| 16:14 | Research | Double-Bit Axe |
| 16:15 | Research | Double-Bit Axe |
| 16:20 | Build | Palisade Wall |
| 17:02 | Build | Palisade Wall |
| 17:07 | Research | Bloodlines |
| 17:07 | Research | Bloodlines |
| 17:11 | Research | Scale Barding Armor |
| 17:11 | Research | Scale Barding Armor |
| 17:17 | Build | Stable |
| 18:25 | Age | Castle Age |
| 18:27 | Build | Siege Workshop |
| 18:29 | Create | Knight |
| 18:29 | Create | Knight |
| 18:29 | Create | Knight |
| 18:34 | Create | Villager (Male) |
| 18:34 | Create | Villager (Male) |
| 18:48 | Create | Knight |
| 19:14 | Create | Mangonel |
| 19:14 | Create | Mangonel |
| 19:32 | Create | Villager (Male) |
| 19:32 | Create | Villager (Male) |
| 19:56 | Create | Battering Ram |
| 20:06 | Create | Knight |
| 20:06 | Create | Knight |
| 20:14 | Create | Knight |
| 20:14 | Create | Knight |
| 20:40 | Create | Battering Ram |
| 20:54 | Create | Knight |
| 21:01 | Create | Battering Ram |
| 21:50 | Create | Knight |
| 21:50 | Create | Knight |
| 22:11 | Create | Villager (Male) |
| 22:11 | Create | Villager (Male) |
| 22:24 | Build | Town Center |
| 22:27 | Create | Knight |
| 22:27 | Create | Knight |
| 22:47 | Create | Knight |
| 22:47 | Create | Knight |
| 23:17 | Research | Chain Barding Armor |
| 23:17 | Research | Chain Barding Armor |
| 23:33 | Create | Knight |
| 23:34 | Create | Knight |
| 24:09 | Create | Knight |
| 24:09 | Create | Knight |
| 24:09 | Create | Knight |
| 24:10 | Create | Villager (Male) |
| 24:10 | Create | Villager (Male) |
| 24:13 | Build | Farm |
| 24:13 | Build | Farm |
| 24:14 | Build | Farm |
| 24:14 | Build | Farm |
| 24:17 | Build | Farm |
| 24:18 | Build | Farm |
| 24:27 | Create | Knight |
| 24:27 | Create | Knight |
| 25:08 | Create | Knight |
| 25:08 | Create | Knight |
| 25:08 | Create | Knight |
| 25:24 | Build | Farm |
| 25:28 | Build | Farm |
| 25:30 | Build | Farm |
| 25:33 | Create | Villager (Male) |
| 25:33 | Create | Villager (Male) |
| 25:58 | Create | Villager (Male) |
| 26:29 | Create | Villager (Male) |
| 26:29 | Create | Villager (Male) |
| 27:00 | Create | Villager (Male) |
| 27:00 | Create | Villager (Male) |
| 27:00 | Create | Villager (Male) |
| 27:18 | Build | Town Center |
| 27:27 | Create | Villager (Male) |
| 27:27 | Create | Villager (Male) |
| 28:19 | Create | Villager (Male) |
| 28:19 | Create | Villager (Male) |
| 28:19 | Create | Villager (Male) |
| 28:32 | Build | Archery Range |
| 28:36 | Create | Villager (Male) |
| 28:37 | Create | Villager (Male) |
| 28:37 | Create | Villager (Male) |
| 28:52 | Create | Villager (Male) |
| 28:53 | Create | Villager (Male) |
| 29:22 | Build | Market |
| 29:40 | Create | Villager (Male) |
| 29:40 | Create | Villager (Male) |
| 29:41 | Create | Villager (Male) |
| 29:41 | Create | Villager (Male) |
| 30:02 | Build | Town Center |
| 30:18 | Create | Villager (Male) |
| 30:18 | Create | Villager (Male) |
| 30:28 | Build | Archery Range |
| 30:34 | Build | Town Center |
| 31:34 | Create | Villager (Male) |
| 31:34 | Create | Villager (Male) |
| 31:34 | Create | Villager (Male) |
| 31:34 | Create | Villager (Male) |
| 31:35 | Create | Villager (Male) |
| 31:35 | Create | Villager (Male) |
| 31:45 | Build | Mill |
| 32:09 | Create | Villager (Male) |
| 32:09 | Create | Villager (Male) |
| 32:13 | Create | Villager (Male) |
| 32:13 | Create | Villager (Male) |
| 32:13 | Create | Villager (Male) |
| 32:36 | Build | Archery Range |
| 32:36 | Build | Archery Range |
Build order — CTM | Causa Blindado
First 150 of 587 actions detected
| 0:42 | Build | Town Center |
| 2:40 | Create | Villager (Male) |
| 2:40 | Create | Villager (Male) |
| 2:40 | Create | Villager (Male) |
| 2:40 | Create | Villager (Male) |
| 2:40 | Create | Villager (Male) |
| 2:45 | Build | House |
| 3:42 | Create | Villager (Male) |
| 3:52 | Build | House |
| 4:09 | Build | Lumber Camp |
| 4:13 | Build | House |
| 4:19 | Create | Villager (Male) |
| 4:19 | Create | Villager (Male) |
| 4:25 | Build | House |
| 5:02 | Build | House |
| 5:03 | Create | Villager (Male) |
| 5:26 | Create | Villager (Male) |
| 5:26 | Create | Villager (Male) |
| 5:33 | Build | House |
| 5:51 | Create | Villager (Male) |
| 5:51 | Create | Villager (Male) |
| 6:24 | Create | Villager (Male) |
| 6:29 | Create | Villager (Male) |
| 6:29 | Create | Villager (Male) |
| 7:19 | Create | Villager (Male) |
| 7:26 | Build | Mill |
| 7:44 | Create | Villager (Male) |
| 7:44 | Create | Villager (Male) |
| 8:16 | Create | Villager (Male) |
| 8:16 | Create | Villager (Male) |
| 8:21 | Build | House |
| 8:44 | Build | House |
| 8:47 | Create | Villager (Male) |
| 8:47 | Create | Villager (Male) |
| 8:48 | Create | Villager (Male) |
| 8:51 | Create | Villager (Male) |
| 8:53 | Create | Villager (Male) |
| 8:53 | Create | Villager (Male) |
| 8:58 | Build | House |
| 9:02 | Create | Villager (Male) |
| 9:52 | Research | Feudal Age |
| 9:52 | Research | Feudal Age |
| 9:52 | Research | Feudal Age |
| 10:36 | Build | House |
| 10:48 | Build | House |
| 10:54 | Create | Villager (Male) |
| 11:23 | Build | House |
| 11:50 | Research | Loom |
| 12:02 | Age | Feudal Age |
| 12:05 | Build | Blacksmith |
| 12:10 | Build | Market |
| 12:56 | Research | Castle Age |
| 12:56 | Research | Castle Age |
| 12:59 | Build | Palisade Gate |
| 13:10 | Build | House |
| 13:12 | Build | Palisade Wall |
| 13:12 | Build | Palisade Wall |
| 13:15 | Build | Palisade Wall |
| 13:20 | Build | Palisade Wall |
| 13:32 | Build | Palisade Wall |
| 13:35 | Create | Villager (Male) |
| 15:36 | Age | Castle Age |
| 15:49 | Build | Town Center |
| 15:51 | Create | Villager (Male) |
| 16:08 | Create | Villager (Male) |
| 16:24 | Create | Villager (Male) |
| 16:32 | Build | Mining Camp |
| 16:51 | Create | Villager (Male) |
| 16:52 | Create | Villager (Male) |
| 16:59 | Create | Villager (Male) |
| 17:01 | Create | Villager (Male) |
| 17:11 | Build | Monastery |
| 17:16 | Create | Villager (Male) |
| 17:38 | Create | Villager (Male) |
| 17:52 | Create | Villager (Male) |
| 17:53 | Create | Villager (Male) |
| 17:58 | Create | Monk |
| 18:09 | Build | Town Center |
| 18:21 | Create | Villager (Male) |
| 18:34 | Create | Monk |
| 18:39 | Research | Sanctity |
| 18:42 | Research | Fervor |
| 18:44 | Create | Villager (Male) |
| 18:44 | Create | Villager (Male) |
| 18:50 | Create | Villager (Male) |
| 18:50 | Create | Villager (Male) |
| 19:13 | Build | Town Center |
| 19:29 | Create | Villager (Male) |
| 19:30 | Create | Villager (Male) |
| 19:47 | Create | Villager (Male) |
| 19:47 | Create | Villager (Male) |
| 19:48 | Create | Villager (Male) |
| 20:00 | Create | Villager (Male) |
| 20:10 | Create | Villager (Male) |
| 20:11 | Create | Villager (Male) |
| 20:18 | Create | Villager (Male) |
| 20:21 | Build | Farm |
| 20:23 | Build | Farm |
| 20:27 | Build | Farm |
| 20:27 | Create | Villager (Male) |
| 20:28 | Create | Villager (Male) |
| 20:35 | Create | Villager (Male) |
| 20:36 | Create | Villager (Male) |
| 20:47 | Create | Villager (Male) |
| 20:49 | Create | Monk |
| 20:50 | Build | Monastery |
| 20:56 | Build | Farm |
| 20:59 | Create | Villager (Male) |
| 20:59 | Create | Villager (Male) |
| 21:25 | Create | Villager (Male) |
| 21:25 | Create | Villager (Male) |
| 21:27 | Create | Villager (Male) |
| 21:27 | Create | Villager (Male) |
| 21:27 | Create | Villager (Male) |
| 21:29 | Build | House |
| 21:30 | Build | House |
| 21:38 | Research | Sanctity |
| 21:38 | Research | Sanctity |
| 21:39 | Create | Villager (Male) |
| 21:39 | Create | Villager (Male) |
| 21:50 | Build | Town Center |
| 21:55 | Create | Villager (Male) |
| 21:55 | Create | Villager (Male) |
| 21:58 | Create | Villager (Male) |
| 22:12 | Create | Villager (Male) |
| 22:12 | Create | Villager (Male) |
| 22:15 | Create | Villager (Male) |
| 22:16 | Create | Villager (Male) |
| 22:18 | Create | Monk |
| 22:18 | Create | Monk |
| 22:28 | Create | Villager (Male) |
| 22:39 | Create | Villager (Male) |
| 22:40 | Create | Villager (Male) |
| 22:40 | Create | Villager (Male) |
| 22:44 | Build | House |
| 22:44 | Build | House |
| 22:47 | Build | House |
| 22:49 | Build | House |
| 22:52 | Create | Villager (Male) |
| 23:06 | Create | Villager (Male) |
| 23:08 | Create | Villager (Male) |
| 23:19 | Research | Redemption |
| 23:19 | Research | Redemption |
| 23:23 | Create | Villager (Male) |
| 23:24 | Create | Villager (Male) |
| 23:28 | Build | Farm |
| 23:37 | Build | Outpost |
| 23:39 | Build | Outpost |
| 23:40 | Build | Outpost |
| 23:41 | Build | Outpost |
Build order — FMG | GreatMaty
First 150 of 472 actions detected
| 0:44 | Build | Town Center |
| 2:17 | Build | House |
| 2:37 | Create | Villager (Male) |
| 2:38 | Create | Villager (Male) |
| 2:38 | Create | Villager (Male) |
| 2:38 | Create | Villager (Male) |
| 3:11 | Build | House |
| 3:22 | Build | House |
| 3:33 | Build | House |
| 3:44 | Build | House |
| 3:49 | Create | Villager (Male) |
| 3:53 | Build | Mill |
| 3:56 | Build | House |
| 4:07 | Build | House |
| 4:19 | Build | House |
| 4:23 | Create | Villager (Male) |
| 4:23 | Create | Villager (Male) |
| 4:27 | Build | House |
| 5:02 | Build | Lumber Camp |
| 5:03 | Create | Villager (Male) |
| 5:03 | Create | Villager (Male) |
| 5:23 | Create | Villager (Male) |
| 5:23 | Create | Villager (Male) |
| 5:48 | Build | House |
| 5:54 | Create | Villager (Male) |
| 5:54 | Create | Villager (Male) |
| 5:58 | Build | House |
| 6:04 | Create | Villager (Male) |
| 6:04 | Create | Villager (Male) |
| 6:34 | Create | Villager (Male) |
| 7:02 | Build | House |
| 7:03 | Create | Villager (Male) |
| 7:28 | Create | Villager (Male) |
| 7:42 | Create | Villager (Male) |
| 8:02 | Build | House |
| 8:15 | Research | Loom |
| 8:31 | Build | Barracks |
| 8:36 | Build | Barracks |
| 9:03 | Research | Feudal Age |
| 9:03 | Research | Feudal Age |
| 9:32 | Build | Mining Camp |
| 9:40 | Build | House |
| 9:45 | Create | Militia |
| 9:46 | Create | Militia |
| 9:46 | Create | Militia |
| 9:56 | Create | Militia |
| 10:17 | Build | Outpost |
| 10:22 | Create | Militia |
| 10:23 | Create | Militia |
| 10:48 | Create | Villager (Male) |
| 11:10 | Build | House |
| 11:13 | Age | Feudal Age |
| 11:20 | Research | Man-at-Arms (upgrade) |
| 11:20 | Research | Man-at-Arms (upgrade) |
| 11:21 | Research | Double-Bit Axe |
| 11:22 | Research | Double-Bit Axe |
| 11:40 | Create | Villager (Male) |
| 11:55 | Create | Militia |
| 12:13 | Build | Archery Range |
| 12:18 | Create | Villager (Male) |
| 12:18 | Create | Villager (Male) |
| 12:27 | Build | Mill |
| 12:41 | Create | Villager (Male) |
| 12:42 | Create | Villager (Male) |
| 13:24 | Research | Arson |
| 13:29 | Create | Archer |
| 13:34 | Create | Villager (Male) |
| 13:34 | Create | Villager (Male) |
| 13:38 | Build | House |
| 13:38 | Build | Palisade Wall |
| 13:47 | Build | Mill |
| 13:57 | Create | Villager (Male) |
| 14:08 | Create | Archer |
| 14:10 | Build | House |
| 14:24 | Create | Villager (Male) |
| 14:24 | Create | Villager (Male) |
| 14:42 | Create | Archer |
| 14:52 | Create | Villager (Male) |
| 15:07 | Create | Villager (Male) |
| 15:08 | Create | Archer |
| 15:20 | Create | Villager (Male) |
| 15:24 | Build | House |
| 15:25 | Build | House |
| 15:30 | Create | Villager (Male) |
| 15:31 | Build | Blacksmith |
| 15:53 | Create | Villager (Male) |
| 15:54 | Create | Archer |
| 15:54 | Create | Archer |
| 16:12 | Create | Villager (Male) |
| 16:16 | Build | House |
| 16:24 | Build | House |
| 16:25 | Build | Palisade Wall |
| 16:28 | Create | Archer |
| 16:51 | Create | Villager (Male) |
| 16:56 | Build | Farm |
| 16:57 | Build | Farm |
| 17:16 | Create | Villager (Male) |
| 17:16 | Create | Archer |
| 17:27 | Research | Fletching |
| 17:45 | Build | House |
| 17:52 | Create | Villager (Male) |
| 18:05 | Create | Villager (Male) |
| 18:10 | Build | Market |
| 18:15 | Create | Archer |
| 18:16 | Build | House |
| 18:27 | Research | Wheelbarrow |
| 18:27 | Research | Wheelbarrow |
| 19:19 | Create | Villager (Male) |
| 19:19 | Create | Villager (Male) |
| 19:27 | Create | Archer |
| 19:35 | Build | Farm |
| 19:35 | Build | Farm |
| 19:35 | Build | Farm |
| 19:51 | Research | Castle Age |
| 19:51 | Research | Castle Age |
| 20:00 | Build | Outpost |
| 20:07 | Build | Outpost |
| 20:17 | Build | Mining Camp |
| 20:25 | Create | Villager (Male) |
| 20:26 | Create | Archer |
| 20:26 | Create | Archer |
| 20:27 | Create | Archer |
| 21:07 | Build | Outpost |
| 21:40 | Create | Villager (Male) |
| 21:42 | Create | Archer |
| 21:43 | Create | Archer |
| 21:49 | Research | Horse Collar |
| 21:49 | Research | Horse Collar |
| 21:50 | Research | Padded Archer Armor |
| 21:50 | Research | Padded Archer Armor |
| 22:08 | Research | Gold Mining |
| 22:32 | Age | Castle Age |
| 22:43 | Create | Villager (Male) |
| 22:51 | Build | Lumber Camp |
| 22:55 | Research | Bodkin Arrow |
| 22:56 | Research | Bodkin Arrow |
| 23:00 | Research | Crossbowman (upgrade) |
| 23:15 | Build | Town Center |
| 23:36 | Research | Bow Saw |
| 23:36 | Research | Bow Saw |
| 23:38 | Create | Villager (Male) |
| 23:55 | Create | Villager (Male) |
| 24:20 | Build | Mining Camp |
| 24:23 | Build | Farm |
| 24:25 | Build | Farm |
| 24:33 | Create | Villager (Male) |
| 24:55 | Create | Villager (Male) |
| 24:55 | Create | Villager (Male) |
| 25:03 | Build | Farm |
| 25:03 | Build | Farm |
Build order — brunol1901
First 150 of 417 actions detected
| 0:33 | Build | Town Center |
| 2:29 | Build | House |
| 2:41 | Create | Villager (Male) |
| 2:41 | Create | Villager (Male) |
| 2:42 | Create | Villager (Male) |
| 2:42 | Create | Villager (Male) |
| 3:38 | Create | Villager (Male) |
| 3:38 | Create | Villager (Male) |
| 4:03 | Build | Lumber Camp |
| 4:26 | Create | Villager (Male) |
| 4:26 | Create | Villager (Male) |
| 4:54 | Build | House |
| 5:04 | Create | Villager (Male) |
| 5:04 | Create | Villager (Male) |
| 5:04 | Create | Villager (Male) |
| 5:33 | Create | Villager (Male) |
| 6:19 | Create | Villager (Male) |
| 6:19 | Create | Villager (Male) |
| 6:20 | Create | Villager (Male) |
| 6:31 | Build | House |
| 6:41 | Create | Villager (Male) |
| 6:41 | Create | Villager (Male) |
| 6:56 | Create | Villager (Male) |
| 7:18 | Create | Villager (Male) |
| 7:18 | Create | Villager (Male) |
| 7:55 | Create | Villager (Male) |
| 7:55 | Create | Villager (Male) |
| 8:38 | Build | Dock |
| 8:42 | Create | Villager (Male) |
| 8:46 | Build | House |
| 8:50 | Create | Villager (Male) |
| 9:07 | Create | Fishing Ship |
| 9:07 | Create | Fishing Ship |
| 9:38 | Create | Villager (Male) |
| 9:59 | Build | Mill |
| 10:18 | Create | Villager (Male) |
| 10:24 | Build | House |
| 10:31 | Create | Villager (Male) |
| 10:32 | Research | Loom |
| 10:57 | Build | House |
| 11:10 | Build | Mining Camp |
| 11:21 | Build | House |
| 11:33 | Research | Feudal Age |
| 11:58 | Build | Palisade Wall |
| 12:00 | Build | Palisade Wall |
| 12:30 | Create | Fishing Ship |
| 12:36 | Build | House |
| 12:40 | Build | Palisade Wall |
| 12:42 | Build | Palisade Wall |
| 12:45 | Build | Palisade Wall |
| 12:46 | Build | Palisade Wall |
| 12:47 | Build | Palisade Wall |
| 12:48 | Build | Palisade Wall |
| 13:05 | Create | Villager (Male) |
| 13:05 | Create | Villager (Male) |
| 14:01 | Age | Feudal Age |
| 14:12 | Build | Market |
| 14:36 | Build | Blacksmith |
| 14:48 | Create | Villager (Male) |
| 15:04 | Build | Mining Camp |
| 15:12 | Create | Villager (Male) |
| 15:30 | Research | Double-Bit Axe |
| 15:30 | Research | Double-Bit Axe |
| 15:31 | Research | Castle Age |
| 15:31 | Research | Castle Age |
| 15:49 | Build | House |
| 15:52 | Build | Palisade Wall |
| 15:53 | Build | Palisade Wall |
| 15:55 | Build | Palisade Wall |
| 16:05 | Research | Tech 906 |
| 16:05 | Research | Tech 906 |
| 16:39 | Create | Fishing Ship |
| 16:49 | Build | Palisade Wall |
| 16:51 | Build | Palisade Wall |
| 17:00 | Create | Fishing Ship |
| 18:13 | Research | Wheelbarrow |
| 18:21 | Age | Castle Age |
| 18:29 | Build | Castle |
| 18:52 | Build | Palisade Wall |
| 19:06 | Research | Bow Saw |
| 19:06 | Research | Bow Saw |
| 19:13 | Build | House |
| 19:23 | Build | House |
| 19:31 | Create | Villager (Male) |
| 19:32 | Create | Villager (Male) |
| 19:55 | Build | Palisade Wall |
| 20:17 | Create | Villager (Male) |
| 20:20 | Build | Monastery |
| 20:21 | Create | Villager (Male) |
| 20:21 | Create | Villager (Male) |
| 20:33 | Create | Camel Archer |
| 20:33 | Create | Camel Archer |
| 20:35 | Research | Fletching |
| 20:35 | Research | Fletching |
| 20:41 | Build | Town Center |
| 20:49 | Create | Camel Archer |
| 20:54 | Create | Villager (Male) |
| 21:02 | Create | Villager (Male) |
| 21:24 | Create | Camel Archer |
| 21:24 | Create | Camel Archer |
| 22:17 | Create | Camel Archer |
| 22:17 | Create | Camel Archer |
| 22:23 | Create | Villager (Male) |
| 22:32 | Create | Villager (Male) |
| 22:33 | Create | Villager (Male) |
| 22:43 | Build | Fish Trap |
| 22:50 | Create | Villager (Male) |
| 22:59 | Create | Villager (Male) |
| 23:09 | Build | Fish Trap |
| 23:14 | Build | Fish Trap |
| 23:21 | Create | Villager (Male) |
| 23:22 | Create | Villager (Male) |
| 23:28 | Research | Bodkin Arrow |
| 23:37 | Build | Fish Trap |
| 23:45 | Build | Fish Trap |
| 23:50 | Create | Villager (Male) |
| 23:50 | Create | Villager (Male) |
| 23:54 | Create | Camel Archer |
| 23:54 | Create | Camel Archer |
| 24:03 | Create | Villager (Male) |
| 24:08 | Build | House |
| 24:15 | Create | Camel Archer |
| 24:51 | Create | Camel Archer |
| 24:57 | Build | University |
| 24:57 | Create | Villager (Male) |
| 24:57 | Create | Villager (Male) |
| 24:58 | Create | Villager (Male) |
| 25:13 | Create | Camel Archer |
| 25:13 | Create | Camel Archer |
| 25:21 | Create | Villager (Male) |
| 25:22 | Create | Villager (Male) |
| 25:22 | Create | Villager (Male) |
| 25:22 | Create | Villager (Male) |
| 25:36 | Build | Town Center |
| 25:42 | Create | Camel Archer |
| 25:44 | Create | Villager (Male) |
| 25:48 | Create | Villager (Male) |
| 25:51 | Create | Camel Archer |
| 26:19 | Research | Ballistics |
| 26:51 | Create | Villager (Male) |
| 26:55 | Build | Barracks |
| 26:55 | Create | Villager (Male) |
| 26:56 | Create | Camel Archer |
| 26:57 | Create | Camel Archer |
| 26:58 | Create | Villager (Male) |
| 27:01 | Research | Padded Archer Armor |
| 27:02 | Create | Villager (Male) |
| 27:18 | Create | Villager (Male) |
| 27:26 | Create | Villager (Male) |
| 27:38 | Create | Camel Archer |
Build order — FMG | Culero Connor
First 150 of 483 actions detected
| 0:24 | Build | Town Center |
| 3:01 | Create | Villager (Male) |
| 3:01 | Create | Villager (Male) |
| 3:02 | Create | Villager (Male) |
| 3:02 | Create | Villager (Male) |
| 3:02 | Create | Villager (Male) |
| 3:06 | Build | House |
| 3:53 | Create | Villager (Male) |
| 4:15 | Create | Villager (Male) |
| 4:15 | Create | Villager (Male) |
| 4:46 | Build | House |
| 4:55 | Build | Lumber Camp |
| 5:21 | Create | Villager (Male) |
| 5:21 | Create | Villager (Male) |
| 5:21 | Create | Villager (Male) |
| 5:22 | Create | Villager (Male) |
| 5:22 | Create | Villager (Male) |
| 6:11 | Research | Loom |
| 6:47 | Create | Villager (Male) |
| 6:48 | Create | Villager (Male) |
| 7:32 | Create | Villager (Male) |
| 7:32 | Create | Villager (Male) |
| 7:32 | Create | Villager (Male) |
| 7:32 | Create | Villager (Male) |
| 7:34 | Build | Mill |
| 7:59 | Build | House |
| 8:07 | Create | Villager (Male) |
| 8:27 | Create | Villager (Male) |
| 9:32 | Build | House |
| 9:44 | Create | Villager (Male) |
| 10:16 | Create | Villager (Male) |
| 10:32 | Create | Villager (Male) |
| 11:02 | Build | Mining Camp |
| 11:21 | Create | Villager (Male) |
| 11:38 | Research | Feudal Age |
| 12:42 | Create | Villager (Male) |
| 12:43 | Create | Villager (Male) |
| 13:57 | Age | Feudal Age |
| 13:59 | Build | Market |
| 14:01 | Build | Blacksmith |
| 14:22 | Research | Double-Bit Axe |
| 14:22 | Research | Double-Bit Axe |
| 14:23 | Research | Horse Collar |
| 14:47 | Research | Castle Age |
| 15:32 | Build | Barracks |
| 15:40 | Build | House |
| 15:51 | Build | House |
| 16:27 | Build | Farm |
| 16:34 | Build | Palisade Wall |
| 16:37 | Build | Palisade Wall |
| 16:41 | Build | Palisade Wall |
| 16:44 | Build | House |
| 16:48 | Create | Villager (Male) |
| 17:03 | Build | Stable |
| 17:27 | Age | Castle Age |
| 17:31 | Build | Town Center |
| 17:37 | Research | Bow Saw |
| 17:38 | Research | Bow Saw |
| 17:38 | Research | Bow Saw |
| 17:47 | Build | Town Center |
| 17:50 | Create | Villager (Male) |
| 18:06 | Build | House |
| 18:09 | Create | Villager (Male) |
| 18:24 | Create | Shrivamsha Rider |
| 18:24 | Create | Shrivamsha Rider |
| 18:43 | Create | Villager (Male) |
| 18:50 | Build | House |
| 18:54 | Build | Town Center |
| 18:59 | Create | Villager (Male) |
| 19:07 | Build | Farm |
| 19:09 | Create | Villager (Male) |
| 19:09 | Create | Villager (Male) |
| 19:34 | Create | Shrivamsha Rider |
| 19:48 | Create | Villager (Male) |
| 19:48 | Create | Villager (Male) |
| 19:51 | Build | House |
| 20:25 | Create | Shrivamsha Rider |
| 20:25 | Create | Shrivamsha Rider |
| 20:25 | Create | Shrivamsha Rider |
| 20:36 | Create | Villager (Male) |
| 20:36 | Create | Villager (Male) |
| 20:36 | Create | Villager (Male) |
| 20:48 | Build | Farm |
| 20:50 | Build | Farm |
| 20:50 | Build | Farm |
| 20:50 | Build | Farm |
| 20:50 | Build | Farm |
| 20:50 | Build | Farm |
| 21:06 | Build | Farm |
| 21:07 | Create | Villager (Male) |
| 21:07 | Create | Villager (Male) |
| 21:10 | Build | Farm |
| 21:10 | Build | Farm |
| 21:11 | Build | Farm |
| 21:11 | Build | Farm |
| 21:11 | Build | Farm |
| 21:11 | Build | Farm |
| 21:11 | Build | Farm |
| 21:11 | Build | Farm |
| 21:12 | Build | Farm |
| 21:24 | Create | Villager (Male) |
| 21:24 | Create | Villager (Male) |
| 21:25 | Create | Villager (Male) |
| 21:53 | Create | Villager (Male) |
| 21:53 | Create | Villager (Male) |
| 21:56 | Create | Villager (Male) |
| 21:56 | Create | Villager (Male) |
| 21:57 | Create | Villager (Male) |
| 22:00 | Build | House |
| 22:13 | Create | Villager (Male) |
| 22:19 | Build | Farm |
| 22:23 | Build | Farm |
| 22:25 | Build | Farm |
| 22:26 | Build | Farm |
| 22:28 | Build | Farm |
| 22:29 | Build | Farm |
| 22:30 | Create | Villager (Male) |
| 22:30 | Create | Villager (Male) |
| 22:34 | Create | Villager (Male) |
| 22:34 | Create | Villager (Male) |
| 22:37 | Build | Farm |
| 22:41 | Build | Farm |
| 22:42 | Create | Villager (Male) |
| 22:42 | Create | Villager (Male) |
| 22:43 | Create | Villager (Male) |
| 22:48 | Create | Villager (Male) |
| 23:00 | Build | Farm |
| 23:06 | Create | Villager (Male) |
| 23:16 | Research | Scale Barding Armor |
| 23:16 | Research | Scale Barding Armor |
| 23:16 | Research | Scale Barding Armor |
| 23:24 | Build | House |
| 23:26 | Create | Villager (Male) |
| 23:33 | Create | Shrivamsha Rider |
| 23:33 | Create | Shrivamsha Rider |
| 23:33 | Create | Shrivamsha Rider |
| 23:42 | Build | Farm |
| 23:44 | Create | Villager (Male) |
| 23:49 | Create | Villager (Male) |
| 23:49 | Create | Villager (Male) |
| 23:49 | Create | Villager (Male) |
| 23:55 | Create | Shrivamsha Rider |
| 23:55 | Create | Shrivamsha Rider |
| 23:55 | Create | Shrivamsha Rider |
| 24:06 | Create | Villager (Male) |
| 24:23 | Create | Villager (Male) |
| 24:23 | Create | Villager (Male) |
| 24:24 | Create | Villager (Male) |
| 24:35 | Create | Villager (Male) |
| 24:43 | Build | Stable |
Match timeline
| 3:44 | __72_KaN_Arg · wall_segment Palisade Wall x1 |
| 3:47 | __72_KaN_Arg · wall_segment Palisade Wall x1 |
| 3:48 | __72_KaN_Arg · wall_segment Palisade Wall x1 |
| 3:50 | __72_KaN_Arg · wall_segment Palisade Wall x1 |
| 3:53 | __72_KaN_Arg · wall_segment Palisade Wall x1 |
| 6:09 | thefacelessz23 · first_building Dock |
| 8:31 | FMG | GreatMaty · first_building Barracks |
| 8:38 | brunol1901 · first_building Dock |
| 11:13 | FMG | GreatMaty · age_up feudal |
| 11:46 | FMG | Sawasha Takohida · age_up feudal |
| 11:58 | brunol1901 · wall_segment Palisade Wall x10 |
| 12:00 | brunol1901 · wall_segment Palisade Wall x9 |
| 12:02 | CTM | Causa Blindado · age_up feudal |
| 12:13 | FMG | GreatMaty · first_building Archery Range |
| 12:22 | __72_KaN_Arg · wall_segment Palisade Wall x1 |
| 12:22 | __72_KaN_Arg · wall_segment Palisade Wall x1 |
| 12:37 | __72_KaN_Arg · wall_segment Palisade Wall x1 |
| 12:38 | __72_KaN_Arg · wall_segment Palisade Wall x1 |
| 12:40 | brunol1901 · wall_segment Palisade Wall x2 |
| 12:42 | brunol1901 · wall_segment Palisade Wall x4 |
| 12:45 | brunol1901 · wall_segment Palisade Wall x2 |
| 12:45 | __72_KaN_Arg · wall_segment Palisade Wall x1 |
| 12:46 | brunol1901 · wall_segment Palisade Wall x2 |
| 12:47 | __72_KaN_Arg · wall_segment Palisade Wall x1 |
| 12:47 | brunol1901 · wall_segment Palisade Wall x1 |
| 12:48 | brunol1901 · wall_segment Palisade Wall x1 |
| 12:49 | __72_KaN_Arg · wall_segment Palisade Wall x1 |
| 12:51 | __72_KaN_Arg · wall_segment Palisade Wall x1 |
| 12:51 | __72_KaN_Arg · wall_segment Palisade Wall x1 |
| 12:53 | __72_KaN_Arg · wall_segment Palisade Wall x1 |
| 12:54 | __72_KaN_Arg · wall_segment Palisade Wall x1 |
| 12:56 | __72_KaN_Arg · wall_segment Palisade Wall x1 |
| 12:58 | __72_KaN_Arg · wall_segment Palisade Wall x1 |
| 13:00 | __72_KaN_Arg · wall_segment Palisade Wall x1 |
| 13:00 | __72_KaN_Arg · age_up feudal |
| 13:12 | CTM | Causa Blindado · wall_segment Palisade Wall x1 |
| 13:12 | CTM | Causa Blindado · wall_segment Palisade Wall x1 |
| 13:15 | CTM | Causa Blindado · wall_segment Palisade Wall x4 |
| 13:16 | __72_KaN_Arg · wall_segment Palisade Wall x1 |
| 13:19 | __72_KaN_Arg · wall_segment Palisade Wall x1 |
| 13:20 | CTM | Causa Blindado · wall_segment Palisade Wall x5 |
| 13:23 | FMG | ELCOCHINOTE · first_building Barracks |
| 13:32 | CTM | Causa Blindado · wall_segment Palisade Wall x2 |
| 13:38 | thefacelessz23 · age_up feudal |
| 13:38 | FMG | GreatMaty · wall_segment Palisade Wall x7 |
| 13:51 | FMG | Sawasha Takohida · wall_segment Palisade Wall x4 |
| 13:57 | FMG | Culero Connor · age_up feudal |
| 14:01 | brunol1901 · age_up feudal |
| 14:02 | __72_KaN_Arg · wall_segment Palisade Wall x3 |
| 14:28 | FMG | ELCOCHINOTE · age_up feudal |
| 14:36 | FMG | ELCOCHINOTE · first_building Stable |
| 14:37 | FMG | Sawasha Takohida · wall_segment Palisade Wall x5 |
| 14:43 | __72_KaN_Arg · wall_segment Palisade Wall x1 |
| 14:48 | __72_KaN_Arg · wall_segment Palisade Wall x1 |
| 14:57 | thefacelessz23 · first_market_buy 100 food |
| 15:32 | FMG | Culero Connor · first_building Barracks |
| 15:36 | CTM | Causa Blindado · age_up castle |
| 15:38 | __72_KaN_Arg · wall_segment Palisade Wall x1 |
| 15:52 | brunol1901 · wall_segment Palisade Wall x1 |
| 15:53 | FMG | Sawasha Takohida · age_up castle |
| 15:53 | brunol1901 · wall_segment Palisade Wall x1 |
| 15:55 | brunol1901 · wall_segment Palisade Wall x2 |
| 15:58 | __72_KaN_Arg · wall_segment Palisade Wall x1 |
| 16:03 | __72_KaN_Arg · wall_segment Palisade Wall x1 |
| 16:20 | FMG | ELCOCHINOTE · wall_segment Palisade Wall x5 |
| 16:25 | FMG | GreatMaty · wall_segment Palisade Wall x6 |
| 16:34 | FMG | Culero Connor · wall_segment Palisade Wall x5 |
| 16:37 | FMG | Culero Connor · wall_segment Palisade Wall x5 |
| 16:41 | FMG | Culero Connor · wall_segment Palisade Wall x12 |
| 16:49 | brunol1901 · wall_segment Palisade Wall x5 |
| 16:51 | brunol1901 · wall_segment Palisade Wall x3 |
| 17:02 | FMG | ELCOCHINOTE · wall_segment Palisade Wall x5 |
| 17:03 | brunol1901 · first_market_buy 100 stone |
| 17:03 | FMG | Culero Connor · first_building Stable |
| 17:06 | __72_KaN_Arg · age_up castle |
| 17:07 | FMG | Culero Connor · first_market_buy 100 wood |
| 17:11 | CTM | Causa Blindado · first_building Monastery |
| 17:27 | FMG | Culero Connor · age_up castle |
| 17:31 | FMG | Sawasha Takohida · first_building Castle |
| 17:40 | thefacelessz23 · age_up castle |
| 17:48 | thefacelessz23 · first_building Castle |
| 18:17 | FMG | Culero Connor · first_market_sell 100 food |
| 18:21 | brunol1901 · age_up castle |
| 18:25 | FMG | ELCOCHINOTE · age_up castle |
| 18:27 | FMG | ELCOCHINOTE · first_building Siege Workshop |
| 18:29 | brunol1901 · first_building Castle |
| 18:43 | __72_KaN_Arg · wall_segment Palisade Wall x1 |
| 18:45 | __72_KaN_Arg · wall_segment Palisade Wall x1 |
| 18:49 | __72_KaN_Arg · wall_segment Palisade Wall x1 |
| 18:51 | __72_KaN_Arg · wall_segment Palisade Wall x1 |
| 18:52 | brunol1901 · wall_segment Palisade Wall x3 |
| 19:55 | brunol1901 · wall_segment Palisade Wall x1 |
| 20:20 | brunol1901 · first_building Monastery |
| 20:45 | __72_KaN_Arg · first_building Siege Workshop |
| 22:32 | FMG | GreatMaty · age_up castle |
| 22:50 | thefacelessz23 · first_building Siege Workshop |
| 22:54 | FMG | GreatMaty · first_market_buy 100 wood |
| 22:55 | CTM | Causa Blindado · first_market_sell 100 wood |
| 22:58 | FMG | GreatMaty · first_market_sell 100 wood |
| 24:06 | CTM | Causa Blindado · first_building Castle |
| 25:10 | __72_KaN_Arg · first_building Monastery |
| 25:29 | FMG | Sawasha Takohida · first_market_buy 100 food |
| 26:17 | brunol1901 · first_market_sell 100 stone |
| 26:18 | __72_KaN_Arg · first_market_sell 100 wood |
| 26:55 | brunol1901 · first_building Barracks |
| 27:45 | brunol1901 · first_building Stable |
| 27:47 | FMG | Sawasha Takohida · first_building Barracks |
| 28:32 | FMG | ELCOCHINOTE · first_building Archery Range |
| 28:37 | thefacelessz23 · first_market_sell 100 wood |
| 28:57 | CTM | Causa Blindado · first_market_buy 100 stone |
| 29:26 | thefacelessz23 · first_building Barracks |
| 29:43 | FMG | Sawasha Takohida · first_building Monastery |
| 29:48 | FMG | ELCOCHINOTE · first_market_buy 100 food |
| 30:08 | FMG | Sawasha Takohida · first_building Stable |
| 30:54 | CTM | Causa Blindado · first_building Barracks |
| 31:34 | __72_KaN_Arg · first_building Castle |
| 31:42 | thefacelessz23 · resign |
| 32:19 | CTM | Causa Blindado · first_building Stable |
| 32:35 | FMG | GreatMaty · first_building Monastery |
| 34:21 | __72_KaN_Arg · wall_segment Stone Wall x1 |
| 34:25 | __72_KaN_Arg · wall_segment Stone Wall x1 |
| 34:36 | FMG | Sawasha Takohida · first_building Archery Range |
| 34:53 | FMG | GreatMaty · first_building Castle |
| 35:22 | __72_KaN_Arg · wall_segment Stone Wall x1 |
| 35:23 | __72_KaN_Arg · wall_segment Stone Wall x1 |
| 35:24 | __72_KaN_Arg · wall_segment Stone Wall x1 |
| 35:29 | __72_KaN_Arg · wall_segment Stone Wall x1 |
| 35:30 | __72_KaN_Arg · wall_segment Stone Wall x1 |
| 35:42 | FMG | Culero Connor · first_building Castle |
| 35:59 | CTM | Causa Blindado · age_up imperial |
| 36:01 | FMG | Culero Connor · first_building Monastery |
| 36:26 | brunol1901 · first_building Archery Range |
| 36:42 | FMG | GreatMaty · age_up imperial |
| 37:05 | FMG | GreatMaty · first_building Siege Workshop |
| 37:11 | brunol1901 · age_up imperial |
| 37:34 | brunol1901 · first_building Siege Workshop |
| 38:16 | FMG | ELCOCHINOTE · first_building Castle |
| 38:31 | FMG | Sawasha Takohida · first_building Siege Workshop |
| 39:04 | FMG | Sawasha Takohida · age_up imperial |
| 39:28 | FMG | Sawasha Takohida · wall_segment Stone Wall x6 |
| 39:35 | FMG | Sawasha Takohida · wall_segment Stone Wall x22 |
| 39:51 | FMG | Culero Connor · age_up imperial |
[ AI ANALYSIS · 1 CREDIT ]
What really happened in this match?
Wolo.gg analyzes every decision: build order, eco, micro, common mistakes by bracket. Personalized analysis on WhatsApp or Discord in 30 seconds.
Civ guide
Mongols
Perfil
__72_KaN_Arg